[Event "2nd Bieszczady Chess-ch A 2022"]
[Site "Bystre"]
[Date "2022.07.19"]
[Round "3.2"]
[White "Marszalek, Maciej"]
[Black "Sygulski, Piotr"]
[Result "1-0"]
[ECO "D30"]
[WhiteElo "2268"]
[BlackElo "2013"]
[Annotator "TA"]
[PlyCount "113"]
[EventDate "2022.07.17"]
[EventCountry "POL"]
[SourceTitle "playchess.com"]
[Source "ChessBase"]
[SourceQuality "1"]
[TimeControl "5400+30"]

1. d4 d5 2. c4 e6 3. g3 c6 4. Bg2 Nf6 5. Nf3 Bd6 6. O-O O-O {[%emt 0:02:25] 6...0-0 scores better than 6...Nbd7.} 7. Nfd2 Nbd7 8. Nc3 Qe7 {[%emt 0:08:10] E01: Catalan: Early deviations.} 9. e4 dxe4 10. Ndxe4 Bc7 {[%emt 0:00:42] White is slightly better.} 11. Re1 h6 12. Nxf6+ Nxf6 13. Be3 Rd8 14. Qc2 {[%emt 0:06:03] [#]} Ng4 $146 ({Predecessor:} 14... Qf8 15. Rad1 Ba5 16. a3 Bc7 17. b4 a5 18. b5 Bd7 19. a4 Rac8 {0-1 (49) Borisova,E (2344)-Mamedjarova,T (2310) Moscow 2019}) 15. Rad1 Nxe3 16. Rxe3 Qf8 17. a3 Bb6 18. c5 Bc7 19. b4 Bd7 20. Qb3 a6 21. f4 g6 22. Red3 Be8 23. a4 Qg7 24. Ne2 b5 25. cxb6 (25. a5 $16) 25... Bxb6 $11 26. a5 Ba7 27. Kh1 Rd6 (27... Rab8 $14) 28. Qc4 $16 Bb8 {[%emt 0:04:02] [#]} (28... Rb8 $142) 29. Nc3 $1 Rd8 30. Ne4 (30. Bxc6 $2 Rc8 31. d5 exd5 32. Nxd5 Bxc6 $19) 30... Bd6 31. h3 Be7 32. Nd2 ({White should play} 32. Nc5 $16) 32... Rab8 $11 33. Rb1 Rb5 (33... c5 $5 34. dxc5 Bb5 35. Rxd8+ Rxd8 $11) 34. Nf3 (34. Kh2 $5 ) 34... Rdb8 35. Rdb3 Qf8 36. Ne5 Bd6 {[%emt 0:05:07] [#]} (36... Bxb4 $11 {remains equal.} 37. Nxc6 Bxc6 38. Bxc6 Rc8) 37. Nd3 $1 $16 {[%emt 0:03:14] 0x0.0013b8b61644dp-1022s more active pieces. White now steadily converts the win.} (37. Nxc6 Bxc6 38. Qxc6 (38. Bxc6 Rxb4 39. Rxb4 Rxb4 $11) 38... Rxb4 39. Rxb4 Rxb4 $14) (37. Bxc6 $2 Rc8 38. Nxg6 Bxc6+ 39. Qxc6 Rxc6 $19) 37... Qe7 38. Nc5 (38. Bxc6 Rc8 39. Bxb5 Qb7+ 40. Kg1 (40. Bc6 $2 Rxc6 41. Qxc6 Qxc6+ 42. Kg1 Qd5 $19) 40... Rxc4 41. Bxc4 Ba4 $15) 38... Bxc5 39. dxc5 (39. bxc5 $6 Qd8 $14) 39... Qc7 (39... e5 $16) 40. Qc3 R5b7 41. Bf1 Ra7 42. Rd1 Rd8 43. Rbb1 Qe7 44. Be2 h5 45. h4 Rd5 46. Bc4 Rd8 47. Qc2 Bd7 48. Qd3 Raa8 49. Qe2 ({Worse is} 49. Bxa6 e5 50. Qd6 Qxd6 51. Rxd6 Rxa6 $11) 49... Re8 50. Qe5 ({Resist} 50. Bxa6 $6 e5 51. Re1 Bg4 $16) 50... Reb8 (50... Red8 $142 51. Rd4 Bc8) 51. Qc7 Rd8 52. Rd3 Rac8 53. Qd6 Qf6 54. Qe5 ({But not} 54. Bxa6 Ra8 55. Bc4 Be8 $18) 54... Qe7 55. Bxa6 Be8 56. Rbd1 f6 $2 (56... Rxd3 57. Rxd3 Rd8) 57. Qe3 {[%emt 0:02:45] Weighted Error Value: White=0.11 (very precise) /Black=0.22 (precise)} 1-0

[Event "2nd Bieszczady Chess-ch A 2022"]
[Site "Bystre"]
[Date "2022.07.19"]
[Round "3.3"]
[White "Dzwierzynski, Bartosz"]
[Black "Kyc, Jerzy"]
[Result "0-1"]
[ECO "D15"]
[WhiteElo "2129"]
[BlackElo "2203"]
[Annotator "TA"]
[PlyCount "38"]
[EventDate "2022.07.17"]
[EventCountry "POL"]
[SourceTitle "playchess.com"]
[Source "ChessBase"]
[SourceQuality "1"]
[TimeControl "5400+30"]

1. d4 d5 2. c4 c6 3. Nf3 Nf6 4. Nc3 a6 5. a4 e6 6. e3 c5 7. Be2 {[%emt 0:00:42] D15: Slav Defence: 4 Nc3 a6 and gambit lines after 4 Nc3 dxc4.} Nc6 8. O-O cxd4 9. exd4 {[%emt 0:00:22] The position is equal.} Be7 10. Bf4 O-O 11. Ne5 dxc4 12. Nxc6 bxc6 13. Bxc4 {[%emt 0:00:15] [#]} Nd5 $146 ({Predecessor:} 13... a5 14. Re1 Ba6 15. Ba2 Qb6 16. Be5 Rfd8 17. Qf3 Nd7 18. Bg3 Nf6 19. Be5 Nd7 {½-½ (58) Indjic,A (2604)-Kobalia,M (2620) Sochi 2018}) 14. Be5 a5 15. Ne4 $2 {[%emt 0:04:12][%mdl 8192] This costs White the game.} ({Of course not} 15. Qg4 f6 16. Bf4 Qb6 $15) (15. Rc1 $11 {and White has nothing to worry.}) 15... f6 $19 16. Bg3 {[%emt 0:01:03] [#]} f5 $1 17. Nc3 f4 18. Nxd5 (18. Bxf4 $142 Rxf4 19. g3) 18... cxd5 19. Bd3 Qe8 {[%emt 0:01:29] Inhibits Qh5.  Weighted Error Value: White=0.67/Black=0.05 (flawless)} 0-1

[Event "2nd Bieszczady Chess-ch A 2022"]
[Site "Bystre"]
[Date "2022.07.19"]
[Round "3.5"]
[White "Kasperek, Ryszard"]
[Black "Tymrakiewicz, Rafal"]
[Result "0-1"]
[ECO "B14"]
[WhiteElo "2058"]
[BlackElo "2205"]
[Annotator "TA"]
[PlyCount "45"]
[EventDate "2022.07.17"]
[EventCountry "POL"]
[SourceTitle "playchess.com"]
[Source "ChessBase"]
[SourceQuality "1"]
[TimeControl "5400+30"]

1. e4 c6 2. d4 d5 3. exd5 cxd5 4. c4 Nf6 5. Nc3 g6 6. cxd5 Bg7 7. Bc4 O-O 8. Nge2 Na6 9. O-O Nc7 10. Nf4 b6 11. a4 {[%emt 0:10:01] B14: Caro-Kann: Panov-Botvinnik Attack with 5...e6 and 5...g6.} Bb7 12. Qb3 Rb8 13. Re1 {[%emt 0:08:43] [#] The position is equal.} Ba8 $146 ({Predecessor:} 13... a6 14. Bd2 b5 15. axb5 axb5 16. Bf1 Nfxd5 17. Ncxd5 Bxd5 18. Nxd5 Qxd5 19. Qxd5 Nxd5 {0-1 (30) Borge,N (2383)-Svane,R (2506) Denmark 2014}) 14. Bd2 a6 15. Qb4 Re8 16. h3 Qd7 17. Re2 Bf8 18. d6 (18. Re5 $11 {was preferrable.}) 18... e6 $15 19. Qb3 (19. Ree1 $15) 19... Bxd6 (19... Qxd6 $17 20. Ree1 b5 21. axb5 axb5) 20. Qd1 $2 {[%emt 0:00:35][%mdl 8192] [#] This costs White the game.} ({White has to play} 20. Ree1 $1 $15) 20... Qc6 $19 {[%emt 0:02:30] Black is clearly winning.} 21. d5 (21. Rc1 $142 Bxf4 22. f3) 21... Qxc4 22. Rc1 Qd4 23. Qe1 {Weighted Error Value: White=0.86/Black=0.13 (very precise)} 0-1

[Event "2nd Bieszczady Chess-ch A 2022"]
[Site "Bystre"]
[Date "2022.07.19"]
[Round "3.6"]
[White "Karvatskyi, Oleksii"]
[Black "Bugajski, Robert"]
[Result "1-0"]
[ECO "B20"]
[WhiteElo "1804"]
[BlackElo "2075"]
[Annotator "TA"]
[PlyCount "49"]
[EventDate "2022.07.17"]
[EventCountry "POL"]
[SourceTitle "playchess.com"]
[Source "ChessBase"]
[SourceQuality "1"]
[TimeControl "5400+30"]

1. e4 c5 2. b3 Nc6 3. Bb2 d6 4. Bb5 Qb6 5. Nc3 e6 6. f4 {[%emt 0:00:36] B20: Sicilian: Unusual White 2nd moves.} Bd7 7. Nf3 Nf6 8. Qe2 {[%emt 0:01:13] The position is equal.} Be7 {[%emt 0:04:03] [#]} 9. O-O-O $146 ({Predecessor:} 9. e5 dxe5 10. fxe5 Nd5 11. Nxd5 exd5 12. e6 fxe6 13. Bxc6 bxc6 14. Bxg7 Rg8 15. Be5 {1-0 (53) Kivisto,M (2250)-Izquierdo,D (2295) Mendoza 1985}) 9... O-O {[%emt 0:16:26] And now ...Nd4 would win.} 10. Bxc6 Bxc6 11. d4 cxd4 (11... d5 $11) 12. Nxd4 $14 Rfd8 13. g4 {[%emt 0:00:28] White is more active.} Rac8 (13... d5 $1 $11 {remains equal.}) 14. h4 ({Better is} 14. g5 $16) 14... Nd7 {[%emt 0:15:35] A mistake that costs the game.} (14... d5 $1 $11) 15. g5 $18 Bf8 (15... Nc5 $16 16. h5 Qc7) 16. g6 hxg6 17. h5 {[%emt 0:00:08] aiming for hxg6.} e5 $2 {[%emt 0:01:41] [#]} (17... g5 18. fxg5 Ne5) 18. hxg6 $1 Nf6 {[%emt 0:08:33] [#]} 19. f5 $1 {[%emt 0:02:11][%cal Oe2h2] Threatening mate with Qh2!} fxg6 {[%emt 0:01:05] [#]} 20. fxg6 $1 {[%emt 0:00:04][%cal Oe2h2] White threatens Qh2! and mate.} Be8 (20... Qxd4 21. Rxd4) 21. Nd5 {[%emt 0:00:11] Rh8+ would kill now.} Qa6 {[%emt 0:05:42] [#]} 22. Rh8+ $3 {[%emt 0:00:21][%mdl 512] White mates.} Kxh8 23. Qh2+ Kg8 24. Nxf6+ {[%emt 0:00:02][%mdl 64] Remove Defender} gxf6 25. Qh7# {[%emt 0:00:02] Weighted Error Value: White=0.19 (very precise) /Black=0.83} 1-0

[Event "2nd Bieszczady Chess-ch A 2022"]
[Site "Bystre"]
[Date "2022.07.19"]
[Round "3.7"]
[White "Kucharski, Bartlomiej"]
[Black "Babiarz, Arkadiusz"]
[Result "0-1"]
[ECO "B40"]
[WhiteElo "2003"]
[BlackElo "2027"]
[Annotator "TA"]
[PlyCount "130"]
[EventDate "2022.07.17"]
[EventCountry "POL"]
[SourceTitle "playchess.com"]
[Source "ChessBase"]
[SourceQuality "1"]
[TimeControl "5400+30"]

1. e4 c5 2. Nf3 e6 3. d3 Nc6 4. g3 d6 5. Bg2 Nf6 6. O-O Be7 7. c3 O-O 8. Qe2 e5 9. Na3 {[%emt 0:05:17] C00: French: Unusual White 2nd moves.} h6 10. Nc2 Be6 {[%emt 0:02:10] [#]} 11. d4 $146 {[%emt 0:07:52] The position is equal.} ({Predecessor:} 11. Ne3 Re8 12. Nh4 d5 13. Nhf5 d4 14. Nd5 Nxd5 15. exd5 Bxd5 16. Qg4 g6 17. Nxh6+ Kg7 18. Nf5+ Kg8 19. Bxd5 Qxd5 20. c4 Qd8 21. Nh6+ {½-½ (21) Neborak,Y (2332)-Cintins,I (2301) ICCF email 2013}) 11... exd4 12. cxd4 d5 13. e5 Ne4 14. dxc5 Bxc5 15. Be3 Qb6 16. Bxc5 Qxc5 17. Rfd1 Rfe8 18. Ne3 (18. Nfd4 $11) 18... Rad8 $15 19. Rac1 Qb6 20. b3 d4 21. Nc4 Bxc4 {[%emt 0:00:02] Black is more active.} 22. Qxe4 Bd5 23. Qf5 Bxf3 24. Bxf3 (24. Qxf3 $17 Rxe5 25. Qd3) 24... Rxe5 (24... Nxe5 $19 {is more deadly.} 25. Be4 g6) 25. Qf4 {[%emt 0:00:52][%cal Oc1c6] [#] aiming for Rxc6!} Re6 26. Rd2 Rf6 27. Qe4 Rfd6 28. Rcd1 Qa5 29. h4 R6d7 30. Bg4 Re7 31. Qf4 Re5 32. Bh3 Qc5 33. Bg2 Rde8 (33... g5 {feels hotter.} 34. Qg4 Kg7 35. hxg5 hxg5 36. Qh5 Qd6) 34. b4 Qxb4 35. Bxc6 bxc6 36. Rxd4 Qa5 37. Rd7 Qxa2 38. R1d2 ({Better is} 38. Kg2 $15) 38... Qa1+ (38... Qe6 $17 {White must now prevent ...Rf5.} 39. R2d6 Qf5 40. Qxf5 Rxf5) 39. Kg2 (39. Rd1 $5 Qa2 40. R1d2 Qb1+ 41. Kg2 $17) 39... R5e7 40. Rxe7 Rxe7 {[%emt 0:00:00][%mdl 4096] Endgame KQR-KQR} 41. Qf5 {[%emt 0:00:00] Against Qa5. White threatens Rd8+ and mate.} g6 42. Qc8+ Kg7 43. Qxc6 Re1 (43... a5 $15) 44. Kh2 (44. Rd7 $1 $11 {remains equal.}) 44... Re6 45. Qb7 a5 $36 {[%emt 0:00:00][%mdl 2048] Keeping White busy.} 46. h5 $2 (46. Qb3 $17 {keeps fighting.}) 46... Qf6 $2 ({And not} 46... gxh5 47. Qf3 $17) (46... Re5 $19 47. Rd5 Rxh5+ 48. Rxh5 gxh5) 47. hxg6 $11 Qxg6 48. Qb5 {[%emt 0:00:12] Inhibits Qf5.} Qg5 49. Qxg5+ {[%emt 0:04:14] Black converts the advantage convincingly.} (49. Rd5 $11 {and White has nothing to worry.} Qf6 50. Kg2) 49... hxg5 {[%emt 0:00:06] KR-KR} 50. Rd5 $2 {[%emt 0:00:02] [#]} (50. Rd4) 50... Ra6 $1 $19 {[%emt 0:00:06] Strongly threatening ...a4.} ({Not} 50... a4 51. Rxg5+ Kh6 52. Ra5 $11) 51. Rxg5+ Kf6 52. Rb5 a4 {[%emt 0:00:09][%cal Ba5a4,Ba4a3,Ba3a2][%mdl 32] Black mates.} 53. Rb1 a3 54. Kh3 a2 55. Ra1 Ke5 56. f4+ Kd4 57. Kh4 Kc3 58. g4 Kb2 59. Rxa2+ Rxa2 {[%emt 0:00:37] KR-KPP} 60. f5 Kc3 61. f6 Kd4 62. Kh5 Rh2+ 63. Kg5 Kd5 64. Kf5 Rf2+ 65. Kg5 Ke5 {[%emt 0:00:04] Weighted Error Value: White=0.44/Black=0.23 (precise)} 0-1

[Event "2nd Bieszczady Chess-ch A 2022"]
[Site "Bystre"]
[Date "2022.07.19"]
[Round "3.8"]
[White "Kopacz, Lukasz"]
[Black "Palacki, Rafal"]
[Result "1/2-1/2"]
[ECO "A20"]
[WhiteElo "1821"]
[BlackElo "1832"]
[Annotator "NA RC COMBH"]
[PlyCount "120"]
[EventDate "2022.07.17"]
[EventCountry "POL"]
[SourceTitle "playchess.com"]
[Source "ChessBase"]
[SourceQuality "1"]
[TimeControl "5400+30"]

1. c4 e5 2. g3 Nf6 3. Bg2 Bc5 4. Nc3 O-O 5. d3 a6 6. e3 c6 7. Nge2 d5 8. O-O Be6 9. b3 Nbd7 10. Bb2 Re8 11. e4 dxc4 12. dxc4 h5 13. h3 Ba7 14. Qc2 Nf8 15. Rad1 Qc8 16. Kh2 h4 17. Bc1 hxg3+ 18. fxg3 N8h7 19. Ng1 Qc7 20. Nf3 Rad8 21. Ng5 Nxg5 22. Bxg5 Rxd1 23. Rxd1 Nd7 24. Ne2 f6 25. Bc1 Rd8 26. Ba3 Nf8 27. Nc1 Rxd1 28. Qxd1 Bd4 29. Bxf8 Kxf8 30. Ne2 c5 31. Qd3 Qd7 32. Nxd4 exd4 33. g4 b5 34. Bf1 bxc4 35. bxc4 Qc7+ 36. Qg3 Qxg3+ 37. Kxg3 g5 38. h4 gxh4+ 39. Kxh4 Kg7 40. Kg3 Kf7 41. Kf4 Ke7 42. e5 fxe5+ 43. Kxe5 Bxg4 44. Kd5 Bf5 45. Kxc5 d3 46. Kb6 d2 47. Be2 Bd3 48. Bd1 Bxc4 49. Kc5 Bxa2 50. Kb4 Kd6 51. Kc3 Kc5 52. Kxd2 Kb4 53. Kc1 Kc3 54. Ba4 a5 55. Bd1 Bb3 56. Bxb3 Kxb3 57. Kb1 a4 58. Ka1 a3 59. Kb1 a2+ 60. Ka1 Ka3 1/2-1/2

[Event "2nd Bieszczady Chess-ch A 2022"]
[Site "Bystre"]
[Date "2022.07.19"]
[Round "3.9"]
[White "Maksimenko, Andrei Jr"]
[Black "Janzer, Hubert"]
[Result "1-0"]
[ECO "C11"]
[WhiteElo "1897"]
[BlackElo "1839"]
[Annotator "NA RC COMBH"]
[PlyCount "109"]
[EventDate "2022.07.17"]
[EventCountry "POL"]
[SourceTitle "playchess.com"]
[Source "ChessBase"]
[SourceQuality "1"]
[TimeControl "5400+30"]

1. e4 e6 2. Nf3 d5 3. Nc3 Nf6 4. e5 Nfd7 5. d4 a6 6. Bd3 c5 7. dxc5 Bxc5 8. Qe2 Nc6 9. Bf4 Be7 10. h4 f6 11. exf6 Nxf6 12. Ng5 Nd4 13. Qd1 O-O 14. Be5 Nf5 15. Bxf5 exf5 16. Qd4 h6 17. Nf3 Be6 18. O-O-O Rc8 19. Qd3 Qa5 20. Nd4 Bd7 21. Nb3 Qb6 22. Bxf6 Bxf6 23. Nxd5 Qc6 24. Nxf6+ Rxf6 25. Kb1 Be6 26. Nd4 Qd5 27. Nxe6 Qxd3 28. Rxd3 Rxe6 29. Rhd1 Re2 30. R3d2 Re4 31. g3 f4 32. c3 fxg3 33. fxg3 Rc6 34. Rd6 Rxd6 35. Rxd6 Re3 36. Rg6 Kf7 37. Rb6 Rxg3 38. Rxb7+ Kg8 39. a4 Rg4 40. a5 Rxh4 41. Kc2 Rf4 42. Kd3 h5 43. Ke3 Rf5 44. b4 h4 45. Rd7 h3 46. c4 Rh5 47. Rd1 Rh4 48. b5 Rxc4 49. bxa6 Rc7 50. Kf2 Kf7 51. Rb1 Rc5 52. Rb7+ Kf6 53. Rb6+ Kf5 54. a7 Rxa5 55. Rb5+ 1-0

[Event "2nd Bieszczady Chess-ch A 2022"]
[Site "Bystre"]
[Date "2022.07.20"]
[Round "4.1"]
[White "Razin, Vadim"]
[Black "Marszalek, Maciej"]
[Result "1/2-1/2"]
[ECO "A77"]
[WhiteElo "2428"]
[BlackElo "2268"]
[Annotator "TA"]
[PlyCount "62"]
[EventDate "2022.07.17"]
[EventCountry "POL"]
[SourceTitle "playchess.com"]
[Source "ChessBase"]
[SourceQuality "1"]
[TimeControl "5400+30"]

1. d4 Nf6 2. Nf3 e6 3. c4 c5 4. d5 exd5 5. cxd5 d6 6. Nc3 g6 7. e4 Bg7 8. Be2 O-O 9. Nd2 Re8 10. O-O Nbd7 11. Qc2 Nb6 {[%emt 0:03:49][%cal Of6d5] A77: Modern Benoni: Classical: 9...Re8 10 Nd2: 10...a6 and 10...Nbd7.} 12. a4 Nfxd5 $1 13. exd5 {[%emt 0:00:43] And now Bd3 would win.} Bxc3 {[%emt 0:00:04][%mdl 64] [#] Remove Defender. The position is equal.} 14. bxc3 $146 {[%emt 0:39:49] Threatens to win with Ne4.} (14. Bb5 Bxd2 15. Qxd2 Bd7 16. Bxd7 Nxd7 $17) ({Predecessor:} 14. Qxc3 Rxe2 15. Nf3 Bf5 16. Bh6 f6 17. a5 Rc2 18. Qb3 Nd7 19. Rfe1 g5 20. Re6 {0-1 (33) Kopylov,M (2472)-Huschenbeth,N (2318) Hamburg 2007}) 14... Rxe2 15. c4 Bf5 16. Qc3 Qe7 ({Of course not} 16... f6 $6 17. Qf3 Rxd2 18. Bxd2 $11) 17. a5 Nd7 18. Bb2 {[%emt 0:02:47][%csl Gb2][%cal Rc3g7] [#]} f6 $1 19. Rfd1 Re8 20. h3 (20. Nf1 $17 Rc2 21. Re1 Qxe1 22. Rxe1 Rxc3 23. Rxe8+ Kf7 24. Bxc3 Kxe8 25. Ne3) 20... g5 21. Rac1 Ne5 {[%emt 0:06:15] ...Nd3 is the strong threat.} 22. Re1 (22. Nf1 $17 {was worth a try.} Nd3 23. Ng3 Rxf2 24. Qxf6 Nxb2 25. Qxe7 Rxe7 26. Kxf2 Nxd1+ 27. Rxd1) 22... Rxe1+ (22... Nd3 $19 23. Rxe2 Qxe2 24. Qxf6 Qxf2+ 25. Kh2 Qf4+ 26. Kh1 Nxb2) 23. Rxe1 $15 Qf7 24. Re3 Bg6 25. Nf3 Qd7 26. Qb3 (26. Nxe5 $11 fxe5 27. Rg3) 26... Re7 ({Black should try} 26... h6 $15) 27. Nd2 (27. Bxe5 $11 dxe5 28. Nd2) 27... Kf7 28. Nf1 Qc7 (28... h6 $17) 29. Qc3 (29. Bxe5 $11 Rxe5 30. Rxe5 fxe5 31. Qf3+ Ke8 32. Qg4) 29... Qd7 30. Qb3 $1 {[%emt 0:00:17] Against Qa4} Qc7 31. Qc3 Qd7 {[%emt 0:00:55] Weighted Error Value: White=0.32/Black=0.34} ({Better is} 31... Kf8 $15) 1/2-1/2

[Event "2nd Bieszczady Chess-ch A 2022"]
[Site "Bystre"]
[Date "2022.07.20"]
[Round "4.2"]
[White "Kyc, Jerzy"]
[Black "Lewtak, Damian"]
[Result "0-1"]
[ECO "B06"]
[WhiteElo "2203"]
[BlackElo "2397"]
[Annotator "TA"]
[PlyCount "78"]
[EventDate "2022.07.17"]
[EventCountry "POL"]
[SourceTitle "playchess.com"]
[Source "ChessBase"]
[SourceQuality "1"]
[TimeControl "5400+30"]

1. e4 g6 2. d4 Bg7 3. c4 d6 4. Nc3 e5 5. Be3 Nc6 6. d5 Nd4 7. Nge2 Nxe2 8. Bxe2 f5 9. f3 {[%emt 0:02:08] A42: Modern Defence: Averbakh Variation.} Nf6 {[%emt 0:05:22] is the legacy move (9...Bh6).} 10. O-O f4 11. Bf2 {[%emt 0:00:01] [#] White is better.} Bf8 $146 ({Predecessor:} 11... Nh5 12. Qd2 O-O 13. c5 Qg5 14. Rfc1 Rf7 15. cxd6 cxd6 16. Nb5 Qd8 17. Qb4 Bf8 18. Nxa7 {1-0 (25) Louis,V (2199)-Mueller,F (2040) Germany 2002}) 12. b4 g5 13. c5 h5 14. cxd6 cxd6 15. Rc1 {[%emt 0:00:14] aiming for Nb5.} Kf7 16. Nb5 Ne8 {[%emt 0:01:25] Inhibits Nc7.} (16... Bd7 $16) 17. Nxa7 $18 (17. Bxa7 $6 Bd7 $14) 17... Bd7 18. b5 Rg8 19. Kh1 $2 (19. b6 $18) 19... g4 $1 $11 {[%emt 0:03:40] ...g3 is the strong threat.} 20. g3 {[%emt 0:07:50] Hoping for gxf4.} Bh6 21. Rc4 {[%emt 0:05:23] [#]} (21. fxg4 $11 {keeps the balance.} hxg4 22. Nc6) 21... Nf6 (21... h4 $1 $17 {[%cal Rh4g3] And now ...hxg3 would win.} 22. fxg4 hxg3) 22. b6 $2 {[%emt 0:01:07] Loses the game.} (22. gxf4 $11 exf4 23. Bd4) 22... h4 $19 23. Qb3 $2 (23. fxg4 {might work better.} hxg3 24. hxg3 fxg3 25. Bxg3 Qxb6 26. Qb3 (26. Bh4 $2 Bf4 $19) 26... Qxb3 27. axb3) 23... hxg3 {[%emt 0:03:15] White must now prevent ...g2+.} (23... gxf3 24. Qxf3 hxg3 25. hxg3 $15) 24. hxg3 Rh8 25. fxg4 Qg8 (25... Nxg4 26. Rc7 Kg6 27. Kg1 $15 (27. Rxb7 $2 Qg5 $19)) 26. Kg2 {[%emt 0:01:34] [#]} (26. Rc7 $2 Bg7+ 27. Kg2 Qh7 28. Rxd7+ Kf8 $19) 26... Bg5 $1 {[%emt 0:02:58] Threatens to win with ...Qh7.} (26... Qg6 27. Rc7 $11) 27. Rg1 Qh7 ({Stronger than} 27... Bxg4 28. Rc7+ Kf8 29. Bxg4 Nxg4 30. Kf1 $15 (30. Kf3 $2 Qg6 $19)) (27... Nxg4 28. Bxg4 Bxg4 29. Rc7+ Kf8 30. gxf4 Bxf4 31. Kf1 $11) 28. gxf4 Nxe4 ({Not} 28... Bxf4 29. Qd3 $17) 29. Be1 Bxf4 {[%emt 0:04:37][%cal Bg5f4,Bf4h2,Bh2g3][%mdl 32] Chess con chili.} ({Avoid the trap} 29... Nc5 $2 30. Qg3 exf4 31. Rxf4+ Kg8 32. Rf5 Bxf5 33. gxf5 Qxf5 34. Qg4 $19) 30. Rc7 $2 (30. Qd3 Qh2+ 31. Kf1) 30... Kg8 31. Kf1 Rf8 {[%emt 0:01:39] ( -> ...Ng3+)} 32. Bf3 Bh2 33. Rg2 Ng5 34. Rf2 Bg3 35. Qe3 Nxf3 {[%emt 0:01:56][%mdl 64] Remove Defender. Black mates.} 36. Rxf3 Qh1+ 37. Ke2 Rh2+ 38. Bf2 Rxf2+ {[%emt 0:00:20][%mdl 64] X-Ray Attack} 39. Rxf2 Rxf2+ {[%emt 0:00:13] Weighted Error Value: White=0.80/Black=0.26 (precise)} 0-1

[Event "2nd Bieszczady Chess-ch A 2022"]
[Site "Bystre"]
[Date "2022.07.20"]
[Round "4.3"]
[White "Tymrakiewicz, Rafal"]
[Black "Karvatskyi, Oleksii"]
[Result "1/2-1/2"]
[ECO "A45"]
[WhiteElo "2205"]
[BlackElo "1804"]
[Annotator "TA"]
[PlyCount "68"]
[EventDate "2022.07.17"]
[EventCountry "POL"]
[SourceTitle "playchess.com"]
[Source "ChessBase"]
[SourceQuality "1"]
[TimeControl "5400+30"]

1. d4 Nf6 2. Bg5 d5 3. e3 Nbd7 4. Nd2 e5 5. c4 exd4 6. exd4 {[%emt 0:00:25] D00: 1 d4 d5: Unusual lines.} dxc4 {[%emt 0:00:46] [#]} 7. Ngf3 $146 (7. Bxc4 $11 {feels stronger.} Be7 8. Ngf3) ({Predecessor:} 7. Bxc4 Be7 8. Ngf3 O-O 9. O-O Nb6 10. Bb3 c6 11. Re1 h6 12. Bh4 Nbd5 13. Ne5 {1-0 (39) Labeckas,K (2355)-Vicas,M (2061) Panevezys 2013}) 7... b5 $15 8. a4 (8. b3 $1 $11 {is more appropriate.}) 8... c6 $1 9. Be2 Be7 (9... Bb4 {with more complications.} 10. Ne5 Qc7 11. Nxd7 Ne4) 10. O-O O-O $1 11. Re1 Re8 12. Qc2 Nd5 $1 13. Bxe7 {[%emt 0:12:15][%mdl 64] Remove Defender} Rxe7 ({Don't play} 13... Qxe7 14. Bxc4 $1 Qf8 15. Rxe8 (15. axb5 Bb7 $18) 15... Qxe8 16. Re1 $18 (16. axb5 Bb7 $18)) 14. Bf1 Rxe1 15. Rxe1 N7f6 16. Ne5 Nb4 17. Qc1 Bf5 (17... Be6 $19 {and Black stays clearly on top.} 18. Ndf3 Qd6) 18. Ndf3 (18. b3 $17 {was necessary.}) 18... Nfd5 $36 {[%emt 0:00:32][%mdl 2048] Black is really pushing.} 19. g4 Be6 (19... Bc8 $19 {And now ...f6 would win.} 20. b3 cxb3 21. axb5 cxb5) 20. b3 $2 (20. Ng5 $17 {is tougher.}) 20... cxb3 21. Nxc6 Nxc6 22. Qxc6 Rc8 23. Qxb5 Nc3 24. Qh5 g6 25. Qh6 {[%emt 0:03:05] Black must now prevent Ng5.} Qf8 26. Qd2 Bd5 27. Ne5 Qb4 {[%emt 0:01:23] ...b2 is the strong threat.} 28. Nd7 b2 29. Nf6+ Kg7 30. Nh5+ Kh8 (30... gxh5 31. Qg5+ Kf8 32. Qh6+ Kg8 33. Qg5+ Kh8 34. Qf6+ Kg8 35. Qg5+ Kh8 36. Qf6+ Kg8 37. Qg5+ $11) 31. Qf4 {[%emt 0:00:05] [#] Intending Qf6+ and mate.} Qf8 $2 ({Not} 31... gxh5 32. Qe5+ f6 33. Qxf6+ Kg8 34. Qg5+ Kf7 35. Qf5+ Kg7 36. Qg5+ Kh8 37. Qf6+ Kg8 38. Qg5+ Kf7 39. Qf5+ Kg7 40. Qg5+ Kh8 41. Qf6+ $11) ({And not} 31... Ne2+ 32. Rxe2 gxh5 33. Qf6+ Kg8 34. Qg5+ Kh8 35. Qf6+ Kg8 36. Qg5+ Kh8 37. Qf6+ $11) (31... Qb6 $1 $19 32. a5 Qc6 33. Qe5+ f6 34. Nxf6 {[#]} Qe6 $1 35. Nxd5+ Qxe5 36. dxe5 Nxd5) 32. Qe5+ $11 {[%emt 0:01:28] The position is equal.} f6 $1 33. Nxf6 Qg7 $1 34. Bd3 {[%emt 0:00:44] Prevents b1R.} Ne2+ {Weighted Error Value: White=0.44/Black=0.24 (precise)} 1/2-1/2